[ AOE2 MATCH · #457577973 ]
UnrankedWu vs Sicilians
Player's team · LOSS
[ REPLAY ANALYSIS · EXTRACTED FROM THE RECORDED GAME ]
Feudal
12:11
Castle
16:34
Imperial
21:03
| APM avg | 71.8 |
| APM peak | 141 |
| eAPM avg | 44.7 |
| Villagers / military | 122 / 2 |
Focus
⚔️ 58.3% · 🌾 41.7%
Unknown (1942) ×23 · Monk ×2
Feudal
10:55
Castle
14:27
Imperial
29:02
| APM avg | 48.3 |
| APM peak | 108 |
| eAPM avg | 30.0 |
| Villagers / military | 184 / 143 |
Focus
⚔️ 42.2% · 🌾 57.8%
Knight ×136 · Trebuchet (Packed) ×7
Feudal
8:04
Castle
16:36
Imperial
21:56
| APM avg | 47.5 |
| APM peak | 81 |
| eAPM avg | 29.8 |
| Villagers / military | 150 / 66 |
Focus
⚔️ 55.4% · 🌾 44.6%
Longbowman ×65 · Trebuchet (Packed) ×1
Feudal
10:58
Castle
14:33
Imperial
26:27
| APM avg | 47.5 |
| APM peak | 163 |
| eAPM avg | 38.6 |
| Villagers / military | 170 / 131 |
Focus
⚔️ 56.4% · 🌾 43.6%
Skirmisher ×99 · Hand Cannoneer ×15 · Bombard Cannon ×11 · Trebuchet (Packed) ×3 · Monk ×2 · Petard ×1
Feudal
11:22
Castle
15:17
Imperial
—
| APM avg | 50.6 |
| APM peak | 91 |
| eAPM avg | 28.7 |
| Villagers / military | 109 / 59 |
Focus
⚔️ 32.6% · 🌾 67.4%
Samurai ×47 · Battering Ram ×9 · Petard ×2 · Mangonel ×1
Feudal
11:31
Castle
15:04
Imperial
—
| APM avg | 57.7 |
| APM peak | 147 |
| eAPM avg | 28.2 |
| Villagers / military | 151 / 56 |
Focus
⚔️ 38.6% · 🌾 61.4%
Conquistador ×53 · Petard ×2 · Missionary ×1
Feudal
11:44
Castle
15:14
Imperial
23:05
| APM avg | 51.4 |
| APM peak | 83 |
| eAPM avg | 32.5 |
| Villagers / military | 100 / 53 |
Focus
⚔️ 30.9% · 🌾 69.1%
Monk ×42 · Jaguar Warrior ×6 · Unknown (1105) ×3 · Mangonel ×2 · Battering Ram ×2 · Trebuchet (Packed) ×1
Feudal
11:47
Castle
15:25
Imperial
27:52
| APM avg | 43.9 |
| APM peak | 101 |
| eAPM avg | 26.0 |
| Villagers / military | 214 / 111 |
Focus
⚔️ 34.8% · 🌾 65.2%
Camel Scout ×84 · Scout Cavalry ×13 · Cataphract ×11 · Trebuchet (Packed) ×2 · Monk ×1
Match map
Initial resources + every placement click. Lines = walls · curves = elevation contours. ◆ gold · ⬟ stone · ● berries · ✦ relic · ◌ wall gap
Inputs per minute
— VENÓN | seemylame - - 智力老猪
Build order — VENÓN | seemylame
First 150 of 273 actions detected
| 0:00 | Create | Villager (Male) |
| 0:01 | Create | Villager (Male) |
| 0:01 | Create | Villager (Male) |
| 0:03 | Build | House |
| 0:04 | Build | House |
| 0:05 | Build | House |
| 0:10 | Create | Villager (Male) |
| 0:11 | Create | Villager (Male) |
| 1:22 | Create | Villager (Male) |
| 1:46 | Build | Lumber Camp |
| 1:51 | Create | Villager (Male) |
| 2:19 | Create | Villager (Male) |
| 2:35 | Create | Villager (Male) |
| 2:35 | Create | Villager (Male) |
| 3:14 | Create | Villager (Male) |
| 3:14 | Create | Villager (Male) |
| 3:29 | Create | Villager (Male) |
| 3:38 | Build | House |
| 3:57 | Create | Villager (Male) |
| 4:01 | Build | House |
| 4:13 | Create | Villager (Male) |
| 4:13 | Create | Villager (Male) |
| 4:19 | Build | Building 796 |
| 4:39 | Build | Palisade Wall |
| 4:42 | Build | Palisade Wall |
| 4:44 | Build | Palisade Wall |
| 4:47 | Build | Building 796 |
| 4:50 | Create | Villager (Male) |
| 4:51 | Create | Villager (Male) |
| 4:51 | Create | Villager (Male) |
| 4:52 | Create | Villager (Male) |
| 5:15 | Build | Building 796 |
| 5:36 | Create | Villager (Male) |
| 5:36 | Create | Villager (Male) |
| 5:49 | Build | Palisade Wall |
| 5:51 | Build | Palisade Wall |
| 5:54 | Create | Villager (Male) |
| 6:01 | Build | Mill |
| 6:08 | Create | Villager (Male) |
| 6:45 | Build | House |
| 6:46 | Build | House |
| 6:54 | Create | Villager (Male) |
| 6:54 | Create | Villager (Male) |
| 7:00 | Create | Villager (Male) |
| 7:00 | Create | Villager (Male) |
| 7:00 | Create | Villager (Male) |
| 7:17 | Create | Villager (Male) |
| 7:30 | Build | Farm |
| 7:34 | Build | Farm |
| 7:55 | Create | Villager (Male) |
| 8:14 | Create | Villager (Male) |
| 8:48 | Build | Farm |
| 9:14 | Create | Villager (Male) |
| 9:32 | Build | Farm |
| 9:53 | Research | Feudal Age |
| 9:53 | Research | Feudal Age |
| 9:58 | Build | Mining Camp |
| 10:25 | Create | Villager (Male) |
| 11:01 | Build | Farm |
| 11:36 | Build | Farm |
| 11:39 | Build | Farm |
| 12:11 | Age | Feudal Age |
| 12:12 | Build | Market |
| 12:15 | Build | Blacksmith |
| 12:23 | Research | Double-Bit Axe |
| 12:23 | Research | Double-Bit Axe |
| 12:39 | Create | Villager (Male) |
| 12:47 | Create | Villager (Male) |
| 13:08 | Build | Farm |
| 13:17 | Build | Farm |
| 13:18 | Create | Villager (Male) |
| 13:37 | Research | Castle Age |
| 13:43 | Build | Mining Camp |
| 14:02 | Build | Farm |
| 14:15 | Build | House |
| 14:22 | Create | Villager (Male) |
| 14:44 | Build | Farm |
| 15:15 | Research | Gold Mining |
| 15:17 | Create | Villager (Male) |
| 16:34 | Age | Castle Age |
| 16:37 | Build | University |
| 16:51 | Build | Monastery |
| 17:20 | Create | Villager (Male) |
| 17:30 | Create | Monk |
| 17:53 | Research | Imperial Age |
| 17:53 | Research | Imperial Age |
| 17:59 | Build | Lumber Camp |
| 18:23 | Create | Villager (Male) |
| 18:41 | Research | Bow Saw |
| 18:43 | Create | Villager (Male) |
| 18:57 | Build | House |
| 19:05 | Build | House |
| 19:30 | Build | Siege Workshop |
| 19:41 | Research | Gold Shaft Mining |
| 19:41 | Research | Gold Shaft Mining |
| 20:04 | Build | Siege Workshop |
| 20:51 | Build | Siege Workshop |
| 21:03 | Age | Imperial Age |
| 21:05 | Create | Unit 1942 |
| 21:09 | Create | Villager (Male) |
| 21:19 | Create | Villager (Male) |
| 21:29 | Build | House |
| 21:32 | Create | Villager (Male) |
| 21:40 | Build | Building 487 |
| 21:43 | Build | Stone Wall |
| 21:46 | Build | House |
| 21:47 | Build | House |
| 21:49 | Research | Loom |
| 21:50 | Research | Town Watch |
| 21:53 | Create | Unit 1942 |
| 21:54 | Create | Villager (Male) |
| 21:57 | Create | Unit 1942 |
| 22:03 | Create | Villager (Male) |
| 22:17 | Build | House |
| 22:21 | Create | Unit 1942 |
| 22:30 | Build | Lumber Camp |
| 22:52 | Create | Villager (Male) |
| 22:54 | Build | House |
| 22:55 | Build | House |
| 23:10 | Research | Horse Collar |
| 23:12 | Create | Villager (Male) |
| 23:17 | Create | Villager (Male) |
| 23:37 | Create | Villager (Male) |
| 23:46 | Create | Villager (Male) |
| 23:55 | Create | Villager (Male) |
| 24:00 | Create | Unit 1942 |
| 24:01 | Create | Unit 1942 |
| 24:07 | Build | House |
| 24:08 | Build | House |
| 24:20 | Create | Unit 1942 |
| 24:20 | Create | Unit 1942 |
| 24:42 | Build | House |
| 24:43 | Create | Villager (Male) |
| 24:47 | Create | Unit 1942 |
| 25:11 | Build | House |
| 25:12 | Build | House |
| 25:15 | Create | Monk |
| 25:23 | Create | Villager (Male) |
| 25:26 | Create | Unit 1942 |
| 25:47 | Create | Villager (Male) |
| 25:51 | Build | Town Center |
| 26:05 | Create | Villager (Male) |
| 26:24 | Create | Villager (Male) |
| 26:31 | Create | Villager (Male) |
| 26:34 | Create | Unit 1942 |
| 26:35 | Create | Unit 1942 |
| 26:38 | Create | Villager (Male) |
| 26:47 | Create | Villager (Male) |
| 27:02 | Create | Unit 1942 |
| 27:08 | Create | Villager (Male) |
Build order — 智力老猪
First 150 of 518 actions detected
| 0:00 | Create | Villager (Male) |
| 0:00 | Create | Villager (Male) |
| 0:00 | Create | Villager (Male) |
| 0:00 | Create | Villager (Male) |
| 0:02 | Build | House |
| 0:03 | Build | House |
| 1:25 | Create | Villager (Male) |
| 1:50 | Create | Villager (Male) |
| 1:50 | Create | Villager (Male) |
| 1:53 | Build | Lumber Camp |
| 2:13 | Create | Villager (Male) |
| 2:13 | Create | Villager (Male) |
| 2:43 | Create | Villager (Male) |
| 2:43 | Create | Villager (Male) |
| 3:06 | Create | Villager (Male) |
| 3:06 | Create | Villager (Male) |
| 3:21 | Build | Mill |
| 3:32 | Create | Villager (Male) |
| 3:55 | Build | House |
| 4:02 | Create | Villager (Male) |
| 4:02 | Create | Villager (Male) |
| 4:17 | Create | Villager (Male) |
| 4:17 | Create | Villager (Male) |
| 4:41 | Create | Villager (Male) |
| 4:49 | Build | Palisade Wall |
| 4:50 | Build | Palisade Wall |
| 4:53 | Build | Palisade Wall |
| 4:56 | Build | Palisade Wall |
| 5:04 | Build | Palisade Wall |
| 5:06 | Create | Villager (Male) |
| 5:08 | Build | Palisade Wall |
| 5:11 | Build | Palisade Wall |
| 5:11 | Create | Villager (Male) |
| 5:14 | Build | Palisade Wall |
| 5:17 | Build | Palisade Wall |
| 5:20 | Build | Palisade Wall |
| 5:24 | Build | Palisade Wall |
| 5:32 | Build | Palisade Wall |
| 5:35 | Build | Palisade Wall |
| 5:36 | Create | Villager (Male) |
| 5:36 | Create | Villager (Male) |
| 5:39 | Build | Palisade Wall |
| 5:42 | Build | Palisade Wall |
| 5:45 | Build | Palisade Wall |
| 5:49 | Build | Palisade Wall |
| 6:00 | Build | Palisade Wall |
| 6:04 | Build | House |
| 6:07 | Create | Villager (Male) |
| 6:11 | Create | Villager (Male) |
| 6:11 | Create | Villager (Male) |
| 6:35 | Build | Farm |
| 6:39 | Create | Villager (Male) |
| 6:39 | Create | Villager (Male) |
| 6:59 | Build | Farm |
| 8:06 | Build | Farm |
| 8:16 | Create | Villager (Male) |
| 8:43 | Research | Feudal Age |
| 9:35 | Create | Villager (Male) |
| 9:35 | Create | Villager (Male) |
| 9:45 | Build | House |
| 10:55 | Age | Feudal Age |
| 11:00 | Build | Market |
| 11:03 | Build | Blacksmith |
| 11:21 | Research | Double-Bit Axe |
| 11:47 | Research | Castle Age |
| 11:48 | Research | Castle Age |
| 12:02 | Research | Horse Collar |
| 12:08 | Build | House |
| 12:16 | Build | Farm |
| 12:25 | Build | Farm |
| 12:31 | Build | Farm |
| 12:46 | Build | Farm |
| 12:52 | Build | Farm |
| 12:55 | Create | Villager (Male) |
| 12:56 | Create | Villager (Male) |
| 14:27 | Age | Castle Age |
| 14:29 | Build | Town Center |
| 14:32 | Build | Town Center |
| 14:57 | Create | Villager (Male) |
| 15:16 | Build | Town Center |
| 15:27 | Create | Villager (Male) |
| 15:41 | Create | Villager (Male) |
| 15:47 | Create | Villager (Male) |
| 15:49 | Create | Villager (Male) |
| 15:50 | Create | Villager (Male) |
| 15:52 | Build | Farm |
| 15:54 | Create | Villager (Male) |
| 15:55 | Build | Farm |
| 15:57 | Create | Villager (Male) |
| 16:01 | Build | Farm |
| 16:10 | Create | Villager (Male) |
| 16:15 | Create | Villager (Male) |
| 16:19 | Create | Villager (Male) |
| 16:23 | Create | Villager (Male) |
| 16:27 | Build | Farm |
| 16:31 | Create | Villager (Male) |
| 16:36 | Build | Farm |
| 16:39 | Create | Villager (Male) |
| 16:39 | Create | Villager (Male) |
| 16:39 | Create | Villager (Male) |
| 16:43 | Build | House |
| 16:44 | Build | House |
| 16:47 | Build | Farm |
| 17:06 | Create | Villager (Male) |
| 17:10 | Build | Farm |
| 17:12 | Create | Villager (Male) |
| 17:12 | Create | Villager (Male) |
| 17:13 | Create | Villager (Male) |
| 17:17 | Build | Farm |
| 17:23 | Build | Farm |
| 17:33 | Research | Wheelbarrow |
| 17:34 | Create | Villager (Male) |
| 17:36 | Build | Farm |
| 17:38 | Create | Villager (Male) |
| 17:38 | Create | Villager (Male) |
| 17:45 | Create | Villager (Male) |
| 17:51 | Build | House |
| 17:52 | Build | House |
| 17:56 | Build | Farm |
| 17:59 | Build | Farm |
| 18:01 | Create | Villager (Male) |
| 18:01 | Create | Villager (Male) |
| 18:04 | Build | Farm |
| 18:08 | Build | Farm |
| 18:09 | Create | Villager (Male) |
| 18:18 | Create | Villager (Male) |
| 18:19 | Create | Villager (Male) |
| 18:21 | Build | Farm |
| 18:23 | Build | Farm |
| 18:27 | Build | Farm |
| 18:28 | Create | Villager (Male) |
| 18:34 | Build | Farm |
| 18:35 | Create | Villager (Male) |
| 18:43 | Create | Villager (Male) |
| 18:46 | Build | Farm |
| 18:49 | Build | House |
| 18:51 | Build | House |
| 18:52 | Create | Villager (Male) |
| 18:52 | Create | Villager (Male) |
| 18:58 | Create | Villager (Male) |
| 18:58 | Create | Villager (Male) |
| 19:05 | Create | Villager (Male) |
| 19:05 | Create | Villager (Male) |
| 19:07 | Build | Farm |
| 19:26 | Create | Villager (Male) |
| 19:29 | Create | Villager (Male) |
| 19:30 | Create | Villager (Male) |
| 19:30 | Create | Villager (Male) |
| 19:36 | Build | Farm |
| 19:37 | Create | Villager (Male) |
Build order — VENÓN | Mauricioae13
First 150 of 283 actions detected
| 0:00 | Create | Villager (Male) |
| 0:00 | Create | Villager (Male) |
| 0:01 | Create | Villager (Male) |
| 0:02 | Build | House |
| 0:02 | Create | Villager (Male) |
| 0:03 | Build | House |
| 1:00 | Create | Villager (Male) |
| 1:30 | Create | Villager (Male) |
| 1:52 | Build | Lumber Camp |
| 1:55 | Create | Villager (Male) |
| 2:12 | Create | Villager (Male) |
| 2:35 | Create | Villager (Male) |
| 3:21 | Create | Villager (Male) |
| 3:22 | Create | Villager (Male) |
| 3:25 | Build | House |
| 3:40 | Create | Villager (Male) |
| 3:56 | Create | Villager (Male) |
| 4:11 | Build | Mill |
| 4:27 | Create | Villager (Male) |
| 4:51 | Create | Villager (Male) |
| 5:16 | Create | Villager (Male) |
| 5:16 | Create | Villager (Male) |
| 5:17 | Create | Villager (Male) |
| 5:17 | Create | Villager (Male) |
| 5:26 | Create | Villager (Male) |
| 5:32 | Create | Villager (Male) |
| 5:47 | Create | Villager (Male) |
| 5:54 | Research | Feudal Age |
| 5:54 | Research | Feudal Age |
| 6:44 | Build | Lumber Camp |
| 7:00 | Build | House |
| 7:01 | Build | House |
| 7:30 | Build | House |
| 7:35 | Create | Villager (Male) |
| 8:04 | Age | Feudal Age |
| 8:06 | Build | Market |
| 8:15 | Research | Double-Bit Axe |
| 8:19 | Create | Villager (Male) |
| 8:35 | Research | Horse Collar |
| 8:36 | Create | Villager (Male) |
| 8:45 | Create | Villager (Male) |
| 9:03 | Create | Villager (Male) |
| 9:10 | Build | Blacksmith |
| 9:11 | Create | Villager (Male) |
| 9:40 | Create | Villager (Male) |
| 9:47 | Create | Villager (Male) |
| 10:06 | Create | Villager (Male) |
| 10:28 | Create | Villager (Male) |
| 10:29 | Build | Farm |
| 10:31 | Build | Farm |
| 10:54 | Build | Farm |
| 10:58 | Build | Farm |
| 10:58 | Create | Villager (Male) |
| 11:13 | Create | Villager (Male) |
| 11:19 | Create | Villager (Male) |
| 11:32 | Create | Villager (Male) |
| 11:37 | Build | Farm |
| 11:40 | Create | Villager (Male) |
| 11:47 | Create | Villager (Male) |
| 11:53 | Build | Mining Camp |
| 12:04 | Build | Farm |
| 12:05 | Build | Farm |
| 12:12 | Create | Villager (Male) |
| 12:12 | Create | Villager (Male) |
| 12:13 | Create | Villager (Male) |
| 12:21 | Build | Farm |
| 12:21 | Create | Villager (Male) |
| 12:32 | Build | Farm |
| 12:36 | Create | Villager (Male) |
| 12:39 | Create | Villager (Male) |
| 13:02 | Create | Villager (Male) |
| 13:12 | Create | Villager (Male) |
| 13:12 | Create | Villager (Male) |
| 13:15 | Build | Mining Camp |
| 13:18 | Create | Villager (Male) |
| 13:28 | Create | Villager (Male) |
| 13:56 | Research | Castle Age |
| 14:22 | Build | House |
| 14:52 | Build | Farm |
| 14:54 | Build | Farm |
| 15:46 | Create | Villager (Male) |
| 16:31 | Create | Villager (Male) |
| 16:36 | Age | Castle Age |
| 16:37 | Build | Monastery |
| 16:37 | Create | Villager (Male) |
| 16:43 | Create | Villager (Male) |
| 17:02 | Create | Villager (Male) |
| 17:10 | Create | Villager (Male) |
| 17:20 | Build | University |
| 17:27 | Create | Villager (Male) |
| 17:34 | Create | Villager (Male) |
| 17:41 | Create | Villager (Male) |
| 17:48 | Build | Castle |
| 17:56 | Create | Villager (Male) |
| 18:46 | Research | Imperial Age |
| 18:58 | Build | Mining Camp |
| 19:31 | Research | Fletching |
| 19:44 | Create | Longbowman |
| 19:56 | Build | House |
| 19:59 | Build | Farm |
| 20:02 | Create | Longbowman |
| 20:12 | Build | House |
| 20:14 | Build | House |
| 20:17 | Research | Gold Mining |
| 20:28 | Create | Longbowman |
| 20:28 | Create | Longbowman |
| 20:48 | Create | Villager (Male) |
| 20:51 | Create | Longbowman |
| 21:01 | Create | Longbowman |
| 21:20 | Research | Bodkin Arrow |
| 21:29 | Create | Villager (Male) |
| 21:29 | Create | Villager (Male) |
| 21:47 | Create | Longbowman ×2 |
| 21:48 | Create | Villager (Male) |
| 21:56 | Age | Imperial Age |
| 22:06 | Create | Villager (Male) |
| 22:09 | Create | Longbowman ×2 |
| 22:11 | Create | Villager (Male) |
| 22:19 | Create | Villager (Male) |
| 22:23 | Create | Villager (Male) |
| 22:29 | Create | Villager (Male) |
| 22:40 | Create | Villager (Male) |
| 22:58 | Research | Ballistics |
| 22:59 | Research | Ballistics |
| 23:01 | Create | Villager (Male) |
| 23:01 | Create | Villager (Male) |
| 23:03 | Create | Villager (Male) |
| 23:07 | Create | Villager (Male) |
| 23:08 | Create | Villager (Male) |
| 23:23 | Create | Villager (Male) |
| 23:30 | Create | Longbowman ×2 |
| 23:36 | Create | Villager (Male) |
| 23:49 | Create | Villager (Male) |
| 24:03 | Create | Villager (Male) |
| 24:08 | Build | Castle |
| 24:10 | Create | Longbowman ×3 |
| 24:11 | Create | Longbowman ×3 |
| 24:12 | Create | Villager (Male) |
| 24:13 | Create | Villager (Male) |
| 24:15 | Create | Villager (Male) |
| 24:35 | Research | Bracer |
| 24:50 | Research | Loom |
| 25:13 | Create | Villager (Male) |
| 25:14 | Create | Longbowman ×3 |
| 25:23 | Build | Lumber Camp |
| 25:25 | Create | Longbowman |
| 25:41 | Create | Longbowman |
| 25:52 | Create | Villager (Male) |
| 25:54 | Create | Longbowman ×2 |
| 26:22 | Create | Villager (Male) |
Build order — EagleWarrior420
First 150 of 465 actions detected
| 0:01 | Create | Villager (Male) |
| 0:01 | Create | Villager (Male) |
| 0:02 | Build | House |
| 0:03 | Build | House |
| 0:06 | Create | Villager (Male) |
| 0:07 | Create | Villager (Male) |
| 0:07 | Create | Villager (Male) |
| 1:25 | Create | Villager (Male) |
| 1:44 | Build | Lumber Camp |
| 1:49 | Create | Villager (Male) |
| 2:20 | Create | Villager (Male) |
| 2:20 | Create | Villager (Male) |
| 2:50 | Create | Villager (Male) |
| 2:53 | Create | Villager (Male) |
| 3:14 | Build | House |
| 3:18 | Create | Villager (Male) |
| 3:58 | Create | Villager (Male) |
| 4:15 | Build | Mill |
| 4:23 | Create | Villager (Male) |
| 4:45 | Build | House |
| 4:50 | Create | Villager (Male) |
| 4:52 | Create | Villager (Male) |
| 5:25 | Create | Villager (Male) |
| 6:04 | Create | Villager (Male) |
| 6:11 | Build | Mill |
| 6:24 | Create | Villager (Male) |
| 6:25 | Create | Villager (Male) |
| 6:25 | Create | Villager (Male) |
| 7:08 | Build | House |
| 7:38 | Build | Mining Camp |
| 7:46 | Build | Mining Camp |
| 7:58 | Create | Villager (Male) |
| 8:00 | Create | Villager (Male) |
| 8:40 | Research | Feudal Age |
| 10:00 | Create | Villager (Male) |
| 10:01 | Create | Villager (Male) |
| 10:58 | Age | Feudal Age |
| 11:02 | Build | Market |
| 11:04 | Build | Blacksmith |
| 11:53 | Research | Castle Age |
| 12:23 | Research | Double-Bit Axe |
| 12:30 | Research | Horse Collar |
| 12:30 | Research | Horse Collar |
| 12:33 | Build | Farm |
| 12:34 | Build | Farm |
| 12:35 | Build | Farm |
| 12:35 | Build | Farm |
| 12:37 | Build | Farm |
| 13:59 | Create | Villager (Male) |
| 14:33 | Age | Castle Age |
| 14:35 | Build | Monastery |
| 14:36 | Create | Villager (Male) |
| 14:40 | Build | Town Center |
| 14:47 | Build | Town Center |
| 14:52 | Create | Villager (Male) |
| 15:10 | Research | Bow Saw |
| 15:11 | Create | Villager (Male) |
| 15:18 | Research | Fervor |
| 15:19 | Create | Monk |
| 15:26 | Build | House |
| 15:37 | Build | Farm |
| 15:50 | Create | Villager (Male) |
| 15:52 | Create | Villager (Male) |
| 15:57 | Build | Farm |
| 16:08 | Create | Villager (Male) |
| 16:13 | Build | Farm |
| 16:15 | Create | Villager (Male) |
| 16:20 | Create | Villager (Male) |
| 16:25 | Create | Villager (Male) |
| 16:27 | Build | Farm |
| 16:31 | Create | Villager (Male) |
| 16:34 | Build | Farm |
| 16:45 | Create | Villager (Male) |
| 16:50 | Build | Farm |
| 16:54 | Create | Monk |
| 16:57 | Create | Villager (Male) |
| 16:59 | Build | Farm |
| 17:14 | Build | Farm |
| 17:14 | Create | Villager (Male) |
| 17:16 | Build | Farm |
| 17:16 | Build | Farm |
| 17:23 | Create | Villager (Male) |
| 17:25 | Build | Farm |
| 17:27 | Build | Farm |
| 17:45 | Create | Villager (Male) |
| 17:45 | Create | Villager (Male) |
| 17:45 | Create | Villager (Male) |
| 17:47 | Build | Farm |
| 17:56 | Create | Villager (Male) |
| 18:01 | Build | House |
| 18:03 | Build | House |
| 18:06 | Build | House |
| 18:09 | Build | House |
| 18:11 | Create | Villager (Male) |
| 18:13 | Build | Farm |
| 18:13 | Build | Farm |
| 18:15 | Create | Villager (Male) |
| 18:29 | Create | Villager (Male) |
| 18:35 | Create | Villager (Male) |
| 18:38 | Build | Farm |
| 18:41 | Create | Villager (Male) |
| 18:44 | Build | Town Center |
| 18:47 | Create | Villager (Male) |
| 18:49 | Build | Farm |
| 18:54 | Create | Villager (Male) |
| 19:07 | Create | Villager (Male) |
| 19:17 | Create | Villager (Male) |
| 19:21 | Create | Villager (Male) |
| 19:25 | Create | Villager (Male) |
| 19:27 | Build | Farm |
| 19:30 | Build | Farm |
| 19:33 | Build | Farm |
| 19:34 | Build | Farm |
| 19:37 | Build | Farm |
| 19:38 | Build | Farm |
| 19:38 | Build | Farm |
| 19:38 | Build | Farm |
| 19:38 | Build | Farm |
| 19:39 | Build | Farm |
| 19:39 | Create | Villager (Male) |
| 19:40 | Create | Villager (Male) |
| 19:44 | Create | Villager (Male) |
| 19:46 | Build | Farm |
| 19:50 | Create | Villager (Male) |
| 19:54 | Build | Farm |
| 20:03 | Create | Villager (Male) |
| 20:12 | Create | Villager (Male) |
| 20:13 | Create | Villager (Male) |
| 20:20 | Create | Villager (Male) |
| 20:21 | Build | Farm |
| 20:22 | Create | Villager (Male) |
| 20:25 | Build | Farm |
| 20:26 | Build | Farm |
| 20:30 | Build | Farm |
| 20:33 | Create | Villager (Male) |
| 20:33 | Create | Villager (Male) |
| 20:40 | Build | Farm |
| 20:41 | Create | Villager (Male) |
| 20:43 | Create | Villager (Male) |
| 20:51 | Create | Villager (Male) |
| 20:51 | Create | Villager (Male) |
| 21:02 | Build | University |
| 21:03 | Build | House |
| 21:04 | Build | House |
| 21:07 | Create | Villager (Male) |
| 21:09 | Build | House |
| 21:09 | Build | House |
| 21:09 | Build | House |
| 21:10 | Build | House |
| 21:10 | Build | House |
Build order — [GDL] Profundo
First 150 of 294 actions detected
| 0:02 | Create | Villager (Male) ×4 |
| 0:03 | Build | House |
| 0:05 | Build | House |
| 1:08 | Create | Villager (Male) |
| 1:36 | Create | Villager (Male) |
| 1:46 | Build | Lumber Camp |
| 2:24 | Create | Villager (Male) |
| 2:25 | Create | Villager (Male) |
| 2:51 | Create | Villager (Male) |
| 2:51 | Create | Villager (Male) |
| 3:32 | Build | Building 800 |
| 3:35 | Create | Villager (Male) |
| 3:42 | Build | Building 800 |
| 3:45 | Build | Palisade Wall |
| 3:49 | Build | Palisade Wall |
| 3:51 | Build | House |
| 4:04 | Create | Villager (Male) |
| 4:11 | Build | Mill |
| 4:18 | Create | Villager (Male) |
| 4:36 | Create | Villager (Male) |
| 5:12 | Create | Villager (Male) |
| 5:31 | Build | Mining Camp |
| 5:34 | Create | Villager (Male) |
| 5:47 | Build | House |
| 5:49 | Build | House |
| 6:04 | Create | Villager (Male) |
| 6:04 | Create | Villager (Male) |
| 6:04 | Create | Villager (Male) |
| 6:29 | Create | Villager (Male) |
| 6:49 | Create | Villager (Male) |
| 6:49 | Create | Villager (Male) |
| 7:15 | Build | Lumber Camp |
| 7:34 | Create | Villager (Male) |
| 8:03 | Build | Mining Camp |
| 8:07 | Create | Villager (Male) |
| 8:57 | Research | Feudal Age |
| 9:17 | Build | Farm |
| 10:33 | Create | Villager (Male) |
| 10:34 | Create | Villager (Male) |
| 11:22 | Age | Feudal Age |
| 11:43 | Create | Villager (Male) |
| 11:45 | Build | Market |
| 11:47 | Build | Blacksmith |
| 11:53 | Build | Farm |
| 12:34 | Research | Castle Age |
| 12:36 | Research | Double-Bit Axe |
| 12:36 | Research | Double-Bit Axe |
| 12:40 | Build | Farm |
| 12:56 | Research | Horse Collar |
| 12:57 | Research | Horse Collar |
| 13:13 | Build | House |
| 13:21 | Build | Farm |
| 13:29 | Build | Farm |
| 13:38 | Build | Farm |
| 13:47 | Build | Farm |
| 13:50 | Create | Villager (Male) |
| 14:02 | Build | Farm |
| 14:04 | Build | Farm |
| 14:09 | Build | Farm |
| 14:13 | Build | Farm |
| 14:18 | Build | Farm |
| 14:23 | Build | Farm |
| 14:30 | Build | Farm |
| 14:33 | Create | Villager (Male) |
| 15:02 | Research | Scale Mail Armor |
| 15:17 | Age | Castle Age |
| 15:21 | Research | Bow Saw |
| 15:24 | Build | Castle |
| 15:34 | Build | Siege Workshop |
| 15:38 | Create | Villager (Male) |
| 15:52 | Create | Villager (Male) |
| 16:03 | Build | House |
| 16:11 | Create | Villager (Male) |
| 16:21 | Create | Battering Ram |
| 16:30 | Build | Stone Wall |
| 16:39 | Create | Villager (Male) |
| 16:42 | Create | Villager (Male) |
| 16:57 | Create | Samurai |
| 17:07 | Create | Villager (Male) |
| 17:11 | Create | Battering Ram |
| 17:23 | Create | Villager (Male) |
| 17:34 | Build | House |
| 17:37 | Build | Stone Wall |
| 17:40 | Create | Samurai |
| 17:48 | Create | Villager (Male) |
| 17:54 | Create | Battering Ram |
| 18:04 | Build | Farm |
| 18:14 | Create | Petard |
| 18:18 | Create | Villager (Male) |
| 18:18 | Create | Villager (Male) |
| 18:26 | Create | Samurai |
| 18:26 | Create | Samurai |
| 18:28 | Create | Villager (Male) |
| 18:28 | Create | Villager (Male) |
| 18:29 | Create | Villager (Male) |
| 18:29 | Create | Villager (Male) |
| 18:29 | Create | Villager (Male) |
| 18:38 | Create | Villager (Male) |
| 18:51 | Create | Battering Ram |
| 19:09 | Build | House |
| 19:10 | Create | Villager (Male) |
| 19:14 | Create | Samurai |
| 19:16 | Create | Petard |
| 19:17 | Create | Samurai |
| 19:21 | Create | Villager (Male) |
| 19:41 | Create | Samurai |
| 19:47 | Create | Samurai |
| 19:59 | Create | Samurai |
| 20:03 | Create | Villager (Male) |
| 20:13 | Build | Farm |
| 20:14 | Build | Farm |
| 20:17 | Build | House |
| 20:22 | Create | Samurai |
| 20:35 | Build | House |
| 20:42 | Create | Samurai |
| 20:43 | Create | Samurai |
| 20:44 | Create | Villager (Male) |
| 20:44 | Create | Villager (Male) |
| 20:45 | Create | Villager (Male) |
| 21:02 | Create | Samurai |
| 21:02 | Create | Samurai |
| 21:03 | Create | Samurai |
| 21:04 | Build | House |
| 21:18 | Create | Samurai |
| 21:21 | Create | Samurai |
| 21:25 | Create | Villager (Male) |
| 21:30 | Create | Battering Ram |
| 21:35 | Create | Samurai |
| 21:53 | Research | Chain Mail Armor |
| 21:56 | Create | Samurai |
| 22:02 | Create | Samurai |
| 22:05 | Create | Villager (Male) |
| 22:45 | Create | Samurai |
| 22:45 | Create | Samurai |
| 22:59 | Create | Samurai |
| 23:00 | Create | Villager (Male) |
| 23:00 | Create | Villager (Male) |
| 23:13 | Create | Battering Ram |
| 23:14 | Create | Samurai |
| 23:15 | Create | Samurai |
| 23:28 | Build | House |
| 23:28 | Build | House |
| 23:48 | Create | Samurai |
| 23:50 | Create | Battering Ram |
| 23:50 | Create | Battering Ram |
| 23:52 | Create | Battering Ram |
| 24:16 | Create | Samurai |
| 24:17 | Create | Samurai |
| 24:41 | Create | Samurai |
| 24:41 | Create | Samurai |
Build order — 别西卜
First 150 of 380 actions detected
| 0:00 | Create | Villager (Male) |
| 0:00 | Create | Villager (Male) |
| 0:01 | Create | Villager (Male) |
| 0:02 | Build | House |
| 0:03 | Build | House |
| 0:16 | Create | Villager (Male) |
| 0:16 | Create | Villager (Male) |
| 1:27 | Create | Villager (Male) |
| 1:45 | Build | Lumber Camp |
| 1:48 | Create | Villager (Male) |
| 2:15 | Create | Villager (Male) |
| 2:16 | Create | Villager (Male) |
| 2:46 | Create | Villager (Male) |
| 2:47 | Create | Villager (Male) |
| 3:00 | Create | Villager (Male) |
| 3:19 | Create | Villager (Male) |
| 3:20 | Create | Villager (Male) |
| 3:38 | Build | Mill |
| 3:45 | Create | Villager (Male) |
| 3:45 | Create | Villager (Male) |
| 3:51 | Build | House |
| 4:10 | Create | Villager (Male) |
| 4:10 | Create | Villager (Male) |
| 4:25 | Build | House |
| 4:25 | Build | House |
| 4:39 | Create | Villager (Male) |
| 5:07 | Create | Villager (Male) |
| 5:07 | Create | Villager (Male) |
| 5:14 | Build | Palisade Wall |
| 5:15 | Build | Palisade Wall |
| 5:16 | Build | Palisade Wall |
| 5:17 | Build | Palisade Wall |
| 5:18 | Build | Palisade Wall |
| 5:25 | Build | Palisade Wall |
| 5:27 | Create | Villager (Male) |
| 5:27 | Create | Villager (Male) |
| 5:28 | Build | Palisade Wall |
| 5:31 | Create | Villager (Male) |
| 5:31 | Create | Villager (Male) |
| 5:32 | Build | Palisade Wall |
| 5:38 | Build | Palisade Wall |
| 5:43 | Build | Palisade Wall |
| 5:44 | Build | Palisade Wall |
| 5:47 | Build | Palisade Wall |
| 5:50 | Build | Palisade Wall |
| 5:52 | Build | Palisade Wall |
| 6:01 | Create | Villager (Male) |
| 6:01 | Create | Villager (Male) |
| 6:06 | Create | Villager (Male) |
| 6:17 | Create | Villager (Male) |
| 6:26 | Create | Villager (Male) |
| 6:26 | Create | Villager (Male) |
| 6:54 | Create | Villager (Male) |
| 6:55 | Create | Villager (Male) |
| 6:55 | Create | Villager (Male) |
| 7:10 | Create | Villager (Male) |
| 8:11 | Research | Loom |
| 8:11 | Research | Loom |
| 8:31 | Create | Villager (Male) |
| 8:52 | Create | Villager (Male) |
| 9:05 | Research | Feudal Age |
| 9:10 | Build | Mining Camp |
| 9:44 | Create | Villager (Male) |
| 10:18 | Build | Mining Camp |
| 10:53 | Build | Farm |
| 10:59 | Build | Farm |
| 11:31 | Age | Feudal Age |
| 11:32 | Build | Market |
| 11:37 | Build | Blacksmith |
| 11:59 | Create | Villager (Male) |
| 12:21 | Research | Castle Age |
| 12:22 | Research | Castle Age |
| 12:25 | Research | Double-Bit Axe |
| 12:43 | Build | House |
| 12:59 | Build | Farm |
| 13:18 | Research | Horse Collar |
| 13:18 | Research | Horse Collar |
| 13:44 | Build | Farm |
| 13:45 | Build | Farm |
| 13:52 | Build | Farm |
| 14:16 | Build | Farm |
| 14:53 | Create | Villager (Male) |
| 14:53 | Create | Villager (Male) |
| 15:04 | Age | Castle Age |
| 15:09 | Research | Bow Saw |
| 15:09 | Research | Bow Saw |
| 15:20 | Build | Farm |
| 15:39 | Build | Castle |
| 15:47 | Create | Villager (Male) |
| 16:03 | Build | Farm |
| 16:05 | Create | Villager (Male) |
| 16:15 | Create | Villager (Male) |
| 16:22 | Build | Farm |
| 16:33 | Create | Conquistador |
| 16:33 | Create | Conquistador |
| 16:33 | Create | Conquistador |
| 16:34 | Create | Conquistador |
| 17:01 | Build | Barracks |
| 17:03 | Create | Conquistador |
| 17:03 | Create | Conquistador |
| 17:08 | Create | Villager (Male) |
| 17:12 | Build | Farm |
| 17:23 | Create | Conquistador |
| 17:30 | Create | Villager (Male) |
| 17:45 | Build | Stable |
| 17:48 | Build | Farm |
| 17:51 | Create | Conquistador |
| 17:56 | Create | Villager (Male) |
| 17:56 | Create | Villager (Male) |
| 18:05 | Build | Farm |
| 18:12 | Build | Farm |
| 18:14 | Create | Villager (Male) |
| 18:21 | Build | Farm |
| 18:26 | Create | Villager (Male) |
| 18:33 | Build | Farm |
| 18:39 | Build | Farm |
| 18:42 | Create | Petard |
| 18:56 | Build | Farm |
| 19:02 | Build | Farm |
| 19:06 | Create | Petard |
| 19:08 | Create | Villager (Male) |
| 19:25 | Build | Farm |
| 19:40 | Research | Bloodlines |
| 19:41 | Research | Padded Archer Armor |
| 19:54 | Create | Villager (Male) |
| 20:05 | Build | Town Center |
| 20:07 | Create | Villager (Male) |
| 20:13 | Create | Conquistador |
| 20:13 | Create | Conquistador |
| 20:21 | Create | Conquistador |
| 20:21 | Create | Conquistador |
| 20:35 | Create | Conquistador |
| 20:36 | Create | Conquistador |
| 20:38 | Create | Villager (Male) |
| 20:48 | Create | Villager (Male) |
| 20:59 | Create | Conquistador |
| 21:00 | Create | Conquistador |
| 21:14 | Build | Farm |
| 21:16 | Create | Villager (Male) |
| 21:17 | Create | Conquistador |
| 21:28 | Create | Villager (Male) |
| 21:31 | Build | Farm |
| 21:32 | Build | Farm |
| 21:33 | Build | Farm |
| 21:33 | Build | Farm |
| 21:34 | Create | Villager (Male) |
| 21:43 | Create | Conquistador |
| 21:43 | Create | Conquistador |
| 21:47 | Build | Farm |
| 21:54 | Create | Villager (Male) |
Build order — 悠律
First 150 of 248 actions detected
| 0:00 | Create | Villager (Male) |
| 0:01 | Create | Villager (Male) |
| 0:01 | Create | Villager (Male) |
| 0:01 | Create | Villager (Male) |
| 0:02 | Build | House |
| 0:05 | Build | House |
| 1:17 | Create | Villager (Male) |
| 1:18 | Create | Villager (Male) |
| 1:48 | Build | Lumber Camp |
| 1:50 | Create | Villager (Male) |
| 1:50 | Create | Villager (Male) |
| 1:50 | Create | Villager (Male) |
| 2:31 | Create | Villager (Male) |
| 2:31 | Create | Villager (Male) |
| 2:31 | Create | Villager (Male) |
| 2:51 | Build | House |
| 2:52 | Build | House |
| 3:04 | Create | Villager (Male) |
| 3:04 | Create | Villager (Male) |
| 3:36 | Create | Villager (Male) |
| 3:37 | Create | Villager (Male) |
| 4:04 | Build | Building 800 |
| 4:21 | Build | Palisade Wall |
| 4:22 | Build | Palisade Wall |
| 4:25 | Build | Palisade Wall |
| 4:27 | Build | Palisade Wall |
| 4:28 | Build | Palisade Wall |
| 4:34 | Create | Villager (Male) |
| 4:34 | Create | Villager (Male) |
| 4:34 | Create | Villager (Male) |
| 4:36 | Build | Palisade Wall |
| 4:39 | Build | Palisade Wall |
| 4:42 | Build | Palisade Wall |
| 4:44 | Build | Palisade Wall |
| 4:47 | Build | Palisade Wall |
| 4:49 | Create | Villager (Male) |
| 4:49 | Create | Villager (Male) |
| 4:58 | Create | Villager (Male) |
| 4:58 | Create | Villager (Male) |
| 4:59 | Create | Villager (Male) |
| 5:28 | Build | Mill |
| 5:36 | Create | Villager (Male) |
| 5:36 | Create | Villager (Male) |
| 5:47 | Create | Villager (Male) |
| 5:47 | Create | Villager (Male) |
| 6:08 | Build | Farm |
| 6:24 | Create | Villager (Male) |
| 6:24 | Create | Villager (Male) |
| 6:26 | Build | Farm |
| 7:02 | Create | Villager (Male) |
| 7:05 | Create | Villager (Male) |
| 7:06 | Create | Villager (Male) |
| 7:28 | Create | Villager (Male) |
| 8:02 | Build | House |
| 8:20 | Build | Mining Camp |
| 8:26 | Build | Mining Camp |
| 9:07 | Research | Feudal Age |
| 9:07 | Research | Feudal Age |
| 9:16 | Build | Mining Camp |
| 11:36 | Create | Villager (Male) |
| 11:36 | Create | Villager (Male) |
| 11:44 | Age | Feudal Age |
| 11:48 | Build | Market |
| 11:51 | Build | Blacksmith |
| 12:07 | Build | House |
| 12:14 | Research | Double-Bit Axe |
| 12:14 | Research | Double-Bit Axe |
| 12:34 | Research | Castle Age |
| 12:35 | Research | Castle Age |
| 12:38 | Research | Horse Collar |
| 12:45 | Research | Loom |
| 12:59 | Build | Farm |
| 13:01 | Build | Farm |
| 13:27 | Create | Villager (Male) |
| 13:45 | Build | Farm |
| 13:50 | Build | Farm |
| 14:05 | Build | Farm |
| 14:13 | Research | Gold Mining |
| 14:13 | Research | Gold Mining |
| 14:30 | Build | Farm |
| 14:58 | Create | Villager (Male) |
| 15:14 | Age | Castle Age |
| 15:25 | Build | Castle |
| 15:28 | Build | Mining Camp |
| 16:06 | Create | Villager (Male) |
| 16:32 | Build | Monastery |
| 16:41 | Create | Villager (Male) |
| 17:07 | Create | Villager (Male) |
| 17:15 | Create | Monk |
| 17:30 | Build | Lumber Camp |
| 17:33 | Create | Villager (Male) |
| 18:14 | Build | Outpost |
| 18:34 | Create | Villager (Male) |
| 18:46 | Build | Farm |
| 18:48 | Build | Farm |
| 19:04 | Create | Monk |
| 19:20 | Build | Stone Wall |
| 19:20 | Build | Stone Wall |
| 19:55 | Research | Imperial Age |
| 19:56 | Research | Imperial Age |
| 20:02 | Create | Villager (Male) |
| 20:03 | Create | Villager (Male) |
| 20:03 | Create | Villager (Male) |
| 20:03 | Create | Villager (Male) |
| 20:07 | Build | House |
| 20:26 | Create | Jaguar Warrior |
| 20:26 | Create | Jaguar Warrior |
| 20:26 | Create | Jaguar Warrior |
| 20:30 | Build | Monastery |
| 20:32 | Research | Sanctity |
| 20:32 | Research | Sanctity |
| 20:46 | Build | Building 487 |
| 20:48 | Create | Monk |
| 20:49 | Create | Monk |
| 20:49 | Create | Monk |
| 20:57 | Create | Jaguar Warrior |
| 21:00 | Build | House |
| 21:23 | Create | Monk |
| 21:43 | Create | Villager (Male) |
| 21:46 | Create | Jaguar Warrior |
| 22:06 | Create | Monk |
| 22:21 | Create | Villager (Male) |
| 22:24 | Build | Siege Workshop |
| 22:40 | Create | Monk |
| 22:41 | Create | Villager (Male) |
| 22:45 | Build | Siege Workshop |
| 22:57 | Create | Monk |
| 22:59 | Create | Villager (Male) |
| 23:05 | Age | Imperial Age |
| 23:11 | Create | Mangonel |
| 23:34 | Create | Monk |
| 23:43 | Create | Trebuchet (Packed) |
| 23:55 | Create | Villager (Male) |
| 24:22 | Create | Monk |
| 24:22 | Create | Monk |
| 24:25 | Research | Block Printing |
| 24:25 | Research | Block Printing |
| 25:29 | Create | Jaguar Warrior |
| 25:34 | Create | Mangonel |
| 26:27 | Create | Monk |
| 26:51 | Build | Town Center |
| 27:05 | Build | Building 490 |
| 27:08 | Build | Stone Wall |
| 27:09 | Build | Stone Wall |
| 27:13 | Build | Monastery |
| 27:14 | Build | Monastery |
| 27:57 | Create | Monk |
| 27:57 | Create | Monk |
| 27:58 | Create | Monk |
| 28:16 | Create | Monk |
Build order — MrWrong
First 150 of 483 actions detected
| 0:01 | Create | Villager (Male) |
| 0:01 | Create | Villager (Male) |
| 0:01 | Create | Villager (Male) |
| 0:03 | Build | House |
| 0:04 | Build | House |
| 0:20 | Create | Villager (Male) |
| 1:28 | Create | Villager (Male) |
| 1:45 | Create | Villager (Male) |
| 1:52 | Build | Lumber Camp |
| 2:18 | Create | Villager (Male) |
| 2:54 | Create | Villager (Male) |
| 2:55 | Create | Villager (Male) |
| 2:55 | Create | Villager (Male) |
| 3:02 | Build | Building 800 |
| 3:14 | Build | Palisade Wall |
| 3:20 | Build | Palisade Wall |
| 3:22 | Build | Palisade Wall |
| 3:25 | Build | Palisade Wall |
| 3:27 | Build | House |
| 3:28 | Create | Villager (Male) |
| 3:28 | Create | Villager (Male) |
| 3:36 | Build | Palisade Wall |
| 3:38 | Build | Palisade Wall |
| 3:40 | Build | Palisade Wall |
| 3:57 | Create | Villager (Male) |
| 4:32 | Create | Villager (Male) |
| 4:32 | Create | Villager (Male) |
| 5:00 | Create | Villager (Male) |
| 5:00 | Create | Villager (Male) |
| 5:41 | Create | Villager (Male) |
| 5:54 | Build | House |
| 5:55 | Create | Villager (Male) |
| 6:06 | Create | Villager (Male) |
| 6:09 | Create | Villager (Male) |
| 6:15 | Create | Villager (Male) |
| 6:20 | Create | Villager (Male) |
| 6:22 | Build | Mill |
| 6:28 | Build | House |
| 6:42 | Create | Villager (Male) |
| 6:52 | Create | Villager (Male) |
| 7:10 | Create | Villager (Male) |
| 7:22 | Create | Villager (Male) |
| 7:51 | Create | Villager (Male) |
| 8:04 | Build | Lumber Camp |
| 9:14 | Build | Farm |
| 9:16 | Build | Mining Camp |
| 9:37 | Research | Feudal Age |
| 9:59 | Build | Farm |
| 10:01 | Build | Farm |
| 10:32 | Build | House |
| 10:48 | Build | Farm |
| 11:07 | Create | Villager (Male) |
| 11:47 | Age | Feudal Age |
| 11:51 | Research | Double-Bit Axe |
| 11:51 | Create | Villager (Male) |
| 11:54 | Build | Market |
| 11:58 | Build | Blacksmith |
| 12:45 | Research | Castle Age |
| 12:50 | Research | Horse Collar |
| 13:12 | Build | Farm |
| 13:15 | Build | Farm |
| 13:21 | Build | Farm |
| 13:24 | Build | Farm |
| 14:32 | Create | Villager (Male) |
| 15:25 | Age | Castle Age |
| 15:27 | Build | Town Center |
| 15:31 | Build | Town Center |
| 15:41 | Create | Villager (Male) |
| 16:08 | Build | Town Center |
| 16:13 | Create | Villager (Male) |
| 16:34 | Create | Villager (Male) |
| 16:39 | Build | House |
| 16:40 | Build | House |
| 16:47 | Create | Villager (Male) |
| 16:47 | Create | Villager (Male) |
| 16:50 | Build | Farm |
| 16:52 | Create | Villager (Male) |
| 16:52 | Create | Villager (Male) |
| 16:52 | Create | Villager (Male) |
| 16:55 | Build | Farm |
| 17:01 | Create | Villager (Male) |
| 17:01 | Create | Villager (Male) |
| 17:01 | Create | Villager (Male) |
| 17:11 | Build | Farm |
| 17:15 | Create | Villager (Male) |
| 17:16 | Build | House |
| 17:17 | Create | Villager (Male) |
| 17:17 | Create | Villager (Male) |
| 17:18 | Create | Villager (Male) |
| 17:29 | Create | Villager (Male) |
| 17:29 | Create | Villager (Male) |
| 17:30 | Create | Villager (Male) |
| 17:37 | Build | Farm |
| 17:40 | Create | Villager (Male) |
| 17:41 | Create | Villager (Male) |
| 17:41 | Create | Villager (Male) |
| 17:42 | Create | Villager (Male) |
| 17:42 | Create | Villager (Male) |
| 17:42 | Create | Villager (Male) |
| 17:48 | Build | House |
| 17:53 | Create | Villager (Male) |
| 17:55 | Build | Farm |
| 18:00 | Build | Farm |
| 18:03 | Create | Villager (Male) |
| 18:03 | Create | Villager (Male) |
| 18:03 | Create | Villager (Male) |
| 18:08 | Create | Villager (Male) |
| 18:08 | Create | Villager (Male) |
| 18:08 | Create | Villager (Male) |
| 18:10 | Build | House |
| 18:15 | Build | Farm |
| 18:25 | Build | Lumber Camp |
| 18:26 | Create | Villager (Male) |
| 18:26 | Create | Villager (Male) |
| 18:31 | Build | House |
| 18:38 | Build | Farm |
| 18:42 | Build | Farm |
| 18:45 | Create | Villager (Male) |
| 18:45 | Create | Villager (Male) |
| 18:45 | Create | Villager (Male) |
| 18:48 | Build | Farm |
| 19:00 | Research | Wheelbarrow |
| 19:01 | Create | Villager (Male) |
| 19:03 | Build | House |
| 19:04 | Build | House |
| 19:12 | Create | Villager (Male) |
| 19:12 | Create | Villager (Male) |
| 19:12 | Create | Villager (Male) |
| 19:20 | Build | Farm |
| 19:22 | Build | Farm |
| 19:25 | Build | Farm |
| 19:27 | Build | Farm |
| 19:27 | Create | Villager (Male) |
| 19:28 | Create | Villager (Male) |
| 19:33 | Create | Villager (Male) |
| 19:33 | Create | Villager (Male) |
| 19:38 | Build | House |
| 19:42 | Create | Villager (Male) |
| 19:46 | Build | Farm |
| 19:50 | Build | Farm |
| 19:51 | Create | Villager (Male) |
| 19:59 | Build | House |
| 20:00 | Build | House |
| 20:01 | Create | Villager (Male) |
| 20:15 | Create | Villager (Male) |
| 20:15 | Create | Villager (Male) |
| 20:15 | Create | Villager (Male) |
| 20:21 | Build | Farm |
| 20:24 | Build | Farm |
| 20:26 | Build | Farm |
Match timeline
| 3:14 | MrWrong · wall_segment Palisade Wall x1 |
| 3:20 | MrWrong · wall_segment Palisade Wall x1 |
| 3:22 | MrWrong · wall_segment Palisade Wall x1 |
| 3:25 | MrWrong · wall_segment Palisade Wall x1 |
| 3:36 | MrWrong · wall_segment Palisade Wall x1 |
| 3:38 | MrWrong · wall_segment Palisade Wall x1 |
| 3:40 | MrWrong · wall_segment Palisade Wall x7 |
| 3:45 | [GDL] Profundo · wall_segment Palisade Wall x1 |
| 3:49 | [GDL] Profundo · wall_segment Palisade Wall x1 |
| 4:21 | 悠律 · wall_segment Palisade Wall x1 |
| 4:22 | 悠律 · wall_segment Palisade Wall x1 |
| 4:25 | 悠律 · wall_segment Palisade Wall x1 |
| 4:27 | 悠律 · wall_segment Palisade Wall x1 |
| 4:28 | 悠律 · wall_segment Palisade Wall x1 |
| 4:36 | 悠律 · wall_segment Palisade Wall x1 |
| 4:39 | VENÓN | seemylame · wall_segment Palisade Wall x1 |
| 4:39 | 悠律 · wall_segment Palisade Wall x1 |
| 4:42 | VENÓN | seemylame · wall_segment Palisade Wall x1 |
| 4:42 | 悠律 · wall_segment Palisade Wall x1 |
| 4:44 | 悠律 · wall_segment Palisade Wall x1 |
| 4:44 | VENÓN | seemylame · wall_segment Palisade Wall x1 |
| 4:47 | 悠律 · wall_segment Palisade Wall x1 |
| 4:49 | 智力老猪 · wall_segment Palisade Wall x1 |
| 4:50 | 智力老猪 · wall_segment Palisade Wall x1 |
| 4:53 | 智力老猪 · wall_segment Palisade Wall x1 |
| 4:56 | 智力老猪 · wall_segment Palisade Wall x1 |
| 5:04 | 智力老猪 · wall_segment Palisade Wall x1 |
| 5:08 | 智力老猪 · wall_segment Palisade Wall x1 |
| 5:11 | 智力老猪 · wall_segment Palisade Wall x1 |
| 5:14 | 智力老猪 · wall_segment Palisade Wall x1 |
| 5:14 | 别西卜 · wall_segment Palisade Wall x1 |
| 5:15 | 别西卜 · wall_segment Palisade Wall x1 |
| 5:16 | 别西卜 · wall_segment Palisade Wall x1 |
| 5:17 | 智力老猪 · wall_segment Palisade Wall x1 |
| 5:17 | 别西卜 · wall_segment Palisade Wall x1 |
| 5:18 | 别西卜 · wall_segment Palisade Wall x1 |
| 5:20 | 智力老猪 · wall_segment Palisade Wall x1 |
| 5:24 | 智力老猪 · wall_segment Palisade Wall x1 |
| 5:25 | 别西卜 · wall_segment Palisade Wall x1 |
| 5:28 | 别西卜 · wall_segment Palisade Wall x1 |
| 5:32 | 别西卜 · wall_segment Palisade Wall x1 |
| 5:32 | 智力老猪 · wall_segment Palisade Wall x1 |
| 5:35 | 智力老猪 · wall_segment Palisade Wall x1 |
| 5:38 | 别西卜 · wall_segment Palisade Wall x1 |
| 5:39 | 智力老猪 · wall_segment Palisade Wall x1 |
| 5:42 | 智力老猪 · wall_segment Palisade Wall x1 |
| 5:43 | 别西卜 · wall_segment Palisade Wall x1 |
| 5:44 | 别西卜 · wall_segment Palisade Wall x1 |
| 5:45 | 智力老猪 · wall_segment Palisade Wall x1 |
| 5:47 | 别西卜 · wall_segment Palisade Wall x3 |
| 5:49 | 智力老猪 · wall_segment Palisade Wall x1 |
| 5:49 | VENÓN | seemylame · wall_segment Palisade Wall x1 |
| 5:50 | 别西卜 · wall_segment Palisade Wall x1 |
| 5:51 | VENÓN | seemylame · wall_segment Palisade Wall x1 |
| 5:52 | 别西卜 · wall_segment Palisade Wall x1 |
| 6:00 | 智力老猪 · wall_segment Palisade Wall x1 |
| 8:04 | VENÓN | Mauricioae13 · age_up feudal |
| 10:55 | 智力老猪 · age_up feudal |
| 10:58 | EagleWarrior420 · age_up feudal |
| 11:22 | [GDL] Profundo · age_up feudal |
| 11:31 | 别西卜 · age_up feudal |
| 11:44 | 悠律 · age_up feudal |
| 11:47 | MrWrong · age_up feudal |
| 12:11 | VENÓN | seemylame · age_up feudal |
| 13:45 | VENÓN | Mauricioae13 · first_market_sell 100 wood |
| 14:27 | 智力老猪 · age_up castle |
| 14:33 | EagleWarrior420 · age_up castle |
| 14:35 | EagleWarrior420 · first_building Monastery |
| 14:44 | EagleWarrior420 · first_market_buy 100 wood |
| 14:52 | 悠律 · first_market_buy 100 stone |
| 15:04 | 别西卜 · age_up castle |
| 15:14 | 悠律 · age_up castle |
| 15:17 | [GDL] Profundo · age_up castle |
| 15:19 | [GDL] Profundo · first_market_buy 100 wood |
| 15:23 | MrWrong · first_market_buy 100 stone |
| 15:24 | [GDL] Profundo · first_building Castle |
| 15:25 | MrWrong · age_up castle |
| 15:25 | 悠律 · first_building Castle |
| 15:34 | [GDL] Profundo · first_building Siege Workshop |
| 15:39 | 别西卜 · first_building Castle |
| 16:30 | [GDL] Profundo · wall_segment Stone Wall x5 |
| 16:32 | 悠律 · first_building Monastery |
| 16:34 | VENÓN | seemylame · age_up castle |
| 16:36 | VENÓN | Mauricioae13 · age_up castle |
| 16:37 | VENÓN | Mauricioae13 · first_building Monastery |
| 16:42 | VENÓN | seemylame · first_market_buy 100 wood |
| 16:43 | VENÓN | seemylame · first_market_sell 100 food |
| 16:51 | VENÓN | seemylame · first_building Monastery |
| 17:01 | 别西卜 · first_building Barracks |
| 17:37 | [GDL] Profundo · wall_segment Stone Wall x3 |
| 17:45 | 别西卜 · first_building Stable |
| 17:48 | VENÓN | Mauricioae13 · first_building Castle |
| 19:07 | 悠律 · first_market_sell 100 wood |
| 19:20 | 悠律 · wall_segment Stone Wall x1 |
| 19:20 | 悠律 · wall_segment Stone Wall x1 |
| 19:30 | VENÓN | seemylame · first_building Siege Workshop |
| 19:38 | 别西卜 · first_market_buy 100 food |
| 21:03 | VENÓN | seemylame · age_up imperial |
| 21:43 | VENÓN | seemylame · wall_segment Stone Wall x1 |
| 21:46 | [GDL] Profundo · first_market_sell 500 wood |
| 21:56 | VENÓN | Mauricioae13 · age_up imperial |
| 21:56 | EagleWarrior420 · first_building Siege Workshop |
| 22:24 | 悠律 · first_building Siege Workshop |
| 22:27 | 智力老猪 · first_building Barracks |
| 23:05 | 悠律 · age_up imperial |
| 23:11 | EagleWarrior420 · first_market_sell 100 stone |
| 23:14 | MrWrong · first_building Monastery |
| 23:34 | 智力老猪 · first_building Stable |
| 24:16 | EagleWarrior420 · first_building Barracks |
| 24:29 | VENÓN | Mauricioae13 · first_market_buy 100 food |
| 24:36 | 智力老猪 · first_building Castle |
| 25:05 | MrWrong · first_building Castle |
| 25:07 | EagleWarrior420 · first_building Castle |
| 25:11 | MrWrong · first_building Barracks |
| 25:42 | 别西卜 · first_building Monastery |
| 26:18 | EagleWarrior420 · first_building Archery Range |
| 26:20 | MrWrong · first_building Stable |
| 26:27 | EagleWarrior420 · age_up imperial |
| 26:37 | 智力老猪 · tribute_sent a jugador 2 |
| 26:37 | 智力老猪 · tribute_sent a jugador 3 |
| 26:37 | 智力老猪 · tribute_sent a jugador 4 |
| 26:37 | 智力老猪 · tribute_sent a jugador 5 |
| 26:37 | 智力老猪 · tribute_sent a jugador 6 |
| 26:37 | 智力老猪 · tribute_sent a jugador 7 |
| 26:37 | 智力老猪 · tribute_sent a jugador 8 |
| 27:08 | 悠律 · wall_segment Stone Wall x1 |
| 27:09 | 悠律 · wall_segment Stone Wall x1 |
| 27:12 | [GDL] Profundo · wall_segment Stone Wall x1 |
| 27:13 | [GDL] Profundo · wall_segment Stone Wall x5 |
| 27:52 | MrWrong · age_up imperial |
| 28:10 | [GDL] Profundo · wall_segment Stone Wall x1 |
| 28:10 | 别西卜 · first_market_sell 100 food |
| 28:19 | [GDL] Profundo · wall_segment Stone Wall x1 |
| 28:22 | 智力老猪 · tribute_sent a jugador 2 |
| 28:22 | 智力老猪 · tribute_sent a jugador 3 |
| 28:22 | 智力老猪 · tribute_sent a jugador 4 |
| 28:22 | 智力老猪 · tribute_sent a jugador 5 |
| 28:22 | 智力老猪 · tribute_sent a jugador 6 |
| 28:22 | 智力老猪 · tribute_sent a jugador 7 |
| 28:22 | 智力老猪 · tribute_sent a jugador 8 |
| 28:39 | [GDL] Profundo · wall_segment Stone Wall x17 |
| 29:02 | 智力老猪 · age_up imperial |
| 29:04 | MrWrong · first_market_sell 100 wood |
| 29:06 | 智力老猪 · first_market_sell 100 stone |
| 29:10 | [GDL] Profundo · wall_segment Stone Wall x8 |
| 32:38 | [GDL] Profundo · first_building Barracks |
| 33:06 | VENÓN | seemylame · first_building Castle |
| 33:11 | [GDL] Profundo · wall_segment Stone Wall x12 |
| 33:12 | [GDL] Profundo · wall_segment Stone Wall x2 |
| 34:11 | [GDL] Profundo · wall_segment Stone Wall x1 |
| 34:19 | [GDL] Profundo · wall_segment Stone Wall x13 |
| 34:22 | [GDL] Profundo · wall_segment Stone Wall x11 |
| 34:32 | [GDL] Profundo · wall_segment Stone Wall x3 |
| 34:33 | [GDL] Profundo · wall_segment Stone Wall x1 |
| 34:34 | VENÓN | Mauricioae13 · wall_segment Stone Wall x1 |
| 34:49 | [GDL] Profundo · wall_segment Stone Wall x6 |
| 34:52 | [GDL] Profundo · wall_segment Stone Wall x10 |
| 34:54 | VENÓN | Mauricioae13 · wall_segment Stone Wall x1 |
| 35:41 | VENÓN | Mauricioae13 · resign |
[ AI ANALYSIS · 1 CREDIT ]
What really happened in this match?
Wolo.gg analyzes every decision: build order, eco, micro, common mistakes by bracket. Personalized analysis on WhatsApp or Discord in 30 seconds.
Civ guide
Wu
Perfil
Jugador #21433190